 Dungeon Crawl Stone Soup version 0.30-a0-867-g305f33218d (webtiles) character file.

Game seed: 2635053862177010589

51 mandoloar the Digger (level 3, 26/26 HPs)
             Began as a Gnoll Earth Elementalist on Mar 11, 2023.
             Was a Follower of the Shining One.
             Quit the game on level 2 of the Dungeon.
             The game lasted 00:03:33 (1519 turns).

mandoloar the Digger (Gnoll Earth Elementalist)     Turns: 1519, Time: 00:03:33

Health: 26/26      AC:  3    Str:  7    XL:     3   Next: 83%
Magic:  8/9        EV: 13    Int: 16    God:    the Shining One [*.....]
Gold:   70         SH:  0    Dex: 12    Spells: 11/12 levels left

rFire   . . .      SeeInvis .    a - +0 short sword
rCold   . . .      Faith    .    (no shield)
rNeg    . . .      Spirit   .    e - +0 robe
rPois   .          Reflect  .    (no helmet)
rElec   .          Rampage  .    g - +0 cloak
rCorr   .                        (no gloves)
Will    .....                    (no boots)
Stlth   +                        (no amulet)
HPRegen 0.24/turn                (no ring)
MPRegen 0.11/turn                (no ring)

@: glowing
A: fangs 1, strong nose, distributed training
a: Renounce Religion, Divine Shield


You were on level 2 of the Dungeon.
You worshipped the Shining One.
The Shining One was aware of your devotion.
You visited 1 branch of the dungeon, and saw 2 of its levels.

You collected 70 gold pieces.

Inventory:

Hand Weapons
 a - a +0 short sword (weapon)
 b - a +0 sling
Armour
 e - a +0 robe (worn)
 g - a +0 cloak (worn)
Jewellery
 i - a ring of flight
Scrolls
 c - a scroll of noise {unknown}
 d - 2 scrolls of teleportation {unknown}
 f - a scroll of immolation {unknown}
Potions
 h - a potion of magic


   Skills:
 + Level 1.0 Fighting
 + Level 1.0 Short Blades
 + Level 1.0 Long Blades
 + Level 1.0 Axes
 + Level 1.0 Maces & Flails
 + Level 1.0 Polearms
 + Level 1.0 Staves
 + Level 1.0 Ranged Weapons
 + Level 1.0 Throwing
 + Level 1.0 Armour
 + Level 4.6 Dodging
 + Level 4.2 Stealth
 + Level 1.0 Shields
 + Level 1.0 Unarmed Combat
 + Level 5.0 Spellcasting
 + Level 0.7 Conjurations
 + Level 0.7 Hexes
 + Level 0.7 Summonings
 + Level 0.7 Necromancy
 + Level 0.7 Translocations
 + Level 2.2 Transmutations
 + Level 0.7 Fire Magic
 + Level 0.7 Ice Magic
 + Level 0.7 Air Magic
 + Level 5.4 Earth Magic
 + Level 0.7 Poison Magic
 + Level 1.1 Invocations
 + Level 1.0 Evocations


You had 11 spell levels left.
You knew the following spells:

 Your Spells              Type           Power      Damage    Failure   Level
a - Sandblast             Erth           42%        2d11      1%          1

Your spell library contained the following spells:

 Spells                   Type           Power      Damage    Failure   Level
 Passwall                 Tmut/Erth      13%        N/A       4%          2
 Stone Arrow              Conj/Erth      28%        3d8       13%         3
 Petrify                  Tmut/Erth      16%        N/A       30%         4


Dungeon Overview and Level Annotations

Branches:
Dungeon (2/15)

Altars:
The Shining One


Innate Abilities, Weirdness & Mutations

You have very sharp teeth.
Your uncanny sense of smell can sniff out nearby items.
Your experience applies equally to all skills.


Message History

Your Shields skill increases to level 1!
Your Unarmed Combat skill increases to level 1!
Your Evocations skill increases to level 1!
A ball python comes into view.
Found 12 gold pieces.
You see here a ball python corpse. 2 ball pythons come into view.
The blast of sand hits the ball python!
You kill the ball python!
The blast of sand hits the ball python!
You kill the ball python!
The blast of sand hits the ball python.
The ball python is heavily wounded.
The ball python hisses angrily.
A rat comes into view.
The ball python barely misses you. The ball python misses you.
There is a faded altar of an unknown god here.
The blast of sand hits the ball python!
You kill the ball python!
You can't see any susceptible monsters within range! (Use Z to cast anyway.) This altar belongs to (a) Vehumet, (b) the Shining One or (c) Uskayaw, but you can't tell which.
Press the corresponding letter to learn more about a god, or press enter to convert or escape to cancel.
The Shining One accepts your prayer! The Shining One welcomes you!
You and your allies can now gain power from killing the unholy and evil.
You can now call upon the Shining One for a divine shield.
The blast of sand misses the rat.
A hobgoblin comes into view.
The blast of sand hits the rat!
You kill the rat!
The blast of sand hits the hobgoblin!
You kill the hobgoblin!
You start resting.
Magic restored.
You see here a ball python corpse.
You see here a ball python corpse.
You now have 70 gold pieces (gained 12).
An endoplasm comes into view.
The blast of sand hits the endoplasm!
You kill the endoplasm!
Are you sure you want to abandon this character and quit the game? (Confirm with "yes".)

##. .## #..# #..##
#. ..†.###.... ..
#...#...# #.
#.....# .##
##._.## ..#
##.....#### #.#
.#...#...#.#####.#
..†.###.†.......@#
#..## ##†.######.#
##.. #..## #...
.##. ###.# #.###
.. .# #.# #.# #.
#.###.## #.# .#
#.....# #.# #
#.###..#####.###
#∆#
####..........#


There were no monsters in sight!

Vanquished Creatures
  2 adders (D:2)
  4 bats
  2 endoplasms (D:2)
  A giant cockroach (D:1)
  2 goblins (D:1)
  2 hobgoblins
  2 jackals (D:1)
  10 ball pythons
  A frilled lizard (D:1)
  5 kobolds
  3 rats
34 creatures vanquished.

Vanquished Creatures (others)
  8 plants
8 creatures vanquished.

Grand Total: 42 creatures vanquished

Notes
Turn   | Place    | Note
-------+----------+-------------------------------------------
     0 | D:1      | mandoloar the Gnoll Earth Elementalist began the quest for
                  | the Orb.
     0 | D:1      | Reached XP level 1. HP: 13/13 MP: 6/6
   374 | D:1      | Reached XP level 2. HP: 19/19 MP: 5/7
  1277 | D:2      | Reached skill level 5 in Spellcasting
  1277 | D:2      | Reached XP level 3. HP: 22/25 MP: 4/9
  1344 | D:2      | Reached skill level 1 in Invocations
  1414 | D:2      | Found a faded altar of an unknown god.
  1420 | D:2      | Reached skill level 1 in Fighting
  1420 | D:2      | Reached skill level 1 in Short Blades
  1420 | D:2      | Reached skill level 1 in Long Blades
  1420 | D:2      | Reached skill level 1 in Axes
  1420 | D:2      | Reached skill level 1 in Maces & Flails
  1420 | D:2      | Reached skill level 1 in Polearms
  1420 | D:2      | Reached skill level 1 in Staves
  1420 | D:2      | Reached skill level 1 in Ranged Weapons
  1420 | D:2      | Reached skill level 1 in Throwing
  1420 | D:2      | Reached skill level 1 in Armour
  1420 | D:2      | Reached skill level 1 in Shields
  1420 | D:2      | Reached skill level 1 in Unarmed Combat
  1420 | D:2      | Reached skill level 1 in Evocations
  1429 | D:2      | Prayed at the altar of an unknown god.
  1429 | D:2      | Became a worshipper of the Shining One
  1429 | D:2      | Reached * piety under the Shining One
  1519 | D:2      | Quit the game

Illustrated notes

Levels and vault maps discovered:
D:1:      matt_arrival_los_fun, layout_basic, serial_bayou, serial_bayou_pond_e,
          serial_bayou_lagoon_a, serial_bayou_pond_d, serial_bayou_pond_d
D:2:      layout_loops_ring, nicolae_ecumenical_snake_handling, serial_shops,
          nicolae_shop_statue_plus, hangedman_decor_peaks_small,
          chequers_big_river

Skill      XL: |  1  2  3 |
---------------+----------+-----
Transmutations | 2 |  2.2
Spellcasting   | 5 |  5.0
Invocations    | 1 |  1.1
Fighting       | 1 |  1.0
Short Blades   | 1 |  1.0
Long Blades    | 1 |  1.0
Axes           | 1 |  1.0
Maces & Flails | 1 |  1.0
Polearms       | 1 |  1.0
Staves         | 1 |  1.0
Ranged Weapons | 1 |  1.0
Throwing       | 1 |  1.0
Armour         | 1 |  1.0
Shields        | 1 |  1.0
Unarmed Combat | 1 |  1.0
Evocations     | 1 |  1.0
Dodging        | |  4.6
Stealth        | |  4.2
Conjurations   | |  0.7
Hexes          | |  0.7
Summonings     | |  0.7
Necromancy     | |  0.7
Translocations | |  0.7
Fire Magic     | |  0.7
Ice Magic      | |  0.7
Air Magic      | |  0.7
Earth Magic    | |  5.4
Poison Magic   | |  0.7

Action                     || total
---------------------------++-------
  Melee: Short sword       ||     3
         Club              ||     2
   Fire: Sling             ||     5
   Cast: Sandblast         ||    41
 Armour: Robe              ||     3
  Dodge: Dodged            ||    13

Table legend: (Time is in decaauts)
 A = Elapsed time spent in this place.
 B = Non-inter-level travel time spent in this place.
 C = Inter-level travel time spent in this place.
 D = Time resting spent in this place.
 E = Time spent auto-exploring this place.
 F = Levels seen in this place.
 G = Mean time per level.
                   A        B        C        D        E       F      G
               +--------+--------+--------+--------+--------+-----+--------+
         Total |   1552 |   1506 |     46 |    356 |    931 |   2 |  776.0 |
       Dungeon |   1552 |   1506 |     46 |    356 |    931 |   2 |  776.0 |
               +--------+--------+--------+--------+--------+-----+--------+

Top non-repeatable levels by time:
     D:1: 1218 daAuts
     D:2: 333 daAuts
